 Dungeon Crawl Stone Soup version 0.28.0-47-ge53b351184 (webtiles) character file.

Game seed: 17082572244898893174

3658 pkoi the Digger (level 9, -4/74 HPs)
             Began as a Demigod Earth Elementalist on Apr 27, 2022.
             Slain by a wight
             ... wielding a +4 great sword
              (13 damage)
             ... on level 7 of the Dungeon.
             The game lasted 00:13:55 (13150 turns).

pkoi the Digger (Demigod Earth Elementalist)       Turns: 13150, Time: 00:13:55

Health: -4/74      AC:  9    Str:  9    XL:     9   Next: 58%
Magic:  6/16       EV: 12    Int: 29    God:
Gold:   243        SH:  0    Dex: 14    Spells: 4/14 levels left

rFire   . . .      SeeInvis .   k - +1 dagger (venom)
rCold   . . .      Faith    .   (no shield)
rNeg    . . .      Spirit   .   o - +0 steam dragon scales
rPois   .          Reflect  .   (no helmet)
rElec   .          Harm     .   a - +2 cloak
rCorr   .          Rampage  .   s - +0 pair of gloves
Will    .....                   (no boots)
Stlth   +++.......              (no amulet)
HPRegen 0.22/turn               (no ring)
MPRegen 0.15/turn               (no ring)

@: no status effects
A: high MP 1, forlorn, divine attributes
a: no special abilities


You were on level 7 of the Dungeon.
You visited 1 branch of the dungeon, and saw 7 of its levels.
You also visited: Ossuary.

You collected 243 gold pieces.

Inventory:

Hand Weapons
 d - a +0 dagger
 g - a +0 great sword
 j - a +2 dagger of holy wrath
 k - a +1 dagger of venom (weapon)
Missiles
 c - 138 stones
 f - 8 poisoned darts
Armour
 a - a +2 cloak (worn)
 o - +0 steam dragon scales (worn)
 s - a +0 pair of gloves (worn)
Magical Staves
 e - a staff of air
 w - a staff of conjuration
Wands
 i - a wand of mindburst (11)
 p - a wand of digging (7)
 z - a wand of polymorph (6)
Scrolls
 h - a scroll of teleportation
 l - 2 scrolls of enchant weapon
 u - 3 scrolls of amnesia
 x - a scroll of holy word {unknown}
 y - a scroll of identify
Potions
 b - a potion of haste
 m - a potion of degeneration {unknown}
 n - a potion of lignification
 q - a potion of flight
 r - 2 potions of curing {unknown}
 t - 3 potions of mutation {unknown}
 v - a potion of brilliance {unknown}
 A - 2 potions of might


   Skills:
 + Level 5.1 Fighting
 + Level 5.0 Short Blades
 - Level 1.7 Dodging
 + Level 6.0 Stealth
 - Level 3.0 Spellcasting
 + Level 5.1 Conjurations
 - Level 3.0 Transmutations
 + Level 6.9 Earth Magic


You had 4 spell levels left.
You knew the following spells:

 Your Spells              Type           Power      Damage    Failure   Level
a - Sandblast             Erth           88%        2d18      1%          1
b - Passwall              Tmut/Erth      27%        N/A       1%          2
c - Stone Arrow           Conj/Erth      78%        3d11      1%          3
d - Petrify               Tmut/Erth      33%        N/A       10%         4

Your spell library contained the following spells:

 Spells                   Type           Power      Damage    Failure   Level
 Animate Skeleton         Necr           8%         N/A       8%          1
 Pain                     Necr           16%        1d4       8%          1
 Vampiric Draining        Necr           4%         2d6       22%         3


Dungeon Overview and Level Annotations

Branches:
Dungeon (7/15)             Temple (0/1) D:5         Ossuary (visited)

Annotations:
D:7 Dowan


Innate Abilities, Weirdness & Mutations

You have an increased reservoir of magic. (+10% MP)
You shall have no god before yourself.
Your divine heritage dramatically boosts your attributes as you level up.


Message History

Dowan is lightly wounded.
Duvessa barely misses you.
Dowan says, "Stay away from my face!"
Dowan closely misses you.
You hit Dowan but do no damage.
Dowan looks even sicker.
Dowan is lightly wounded.
Duvessa stops moving altogether!
The helpless Duvessa fails to defend herself.
You spit Duvessa like a pig!!!
Duvessa looks as sick as possible!
Duvessa is severely wounded.
Dowan misses you.
A wight comes into view.
It is wielding a +1 morningstar of freezing.
The helpless Duvessa fails to defend herself.
You spit Duvessa like a pig!!!
You kill Duvessa!
Dowan screams, "No!
Oh no!"
Dowan seems to find hidden reserves of power!
Dowan hits you but does no damage.
A sky beast appears from thin air!
Reactivating autopickup.
You hit Dowan.
Dowan looks as sick as possible!
Dowan is moderately wounded.
Dowan points at you and mumbles some strange words.
The stone arrow hits you!
* * * LOW HITPOINT WARNING * * *
The wight hits you with a +4 great sword!
* * * LOW HITPOINT WARNING * * *
You hit Dowan but do no damage.
Dowan looks as sick as possible!
Dowan is moderately wounded.
Dowan misses you. Dowan hits you but does no damage.
The wight barely misses you.
Unknown command.
You hit Dowan.
Dowan looks as sick as possible!
Dowan is severely wounded.
Dowan barely misses you.
Unknown command.
Dowan points at you and mumbles some strange words.
The shard of ice hits you!
* * * LOW HITPOINT WARNING * * *
The wight hits you with a +4 great sword!
You die...

... #.# ... #.# ##.## #.#
#.. ../ #.# ### #.# #.#
##z## #.# ##..Y## #.#
##....z## ##.# #
##.....e@## ##..# #
#.........####...########
+.........+..............
#.........###....#.######
##....)..## #.......#
##.....## #.##.#..#
##...## #.##....# ##'##
#.###...# #.# #.......#


You could see a sky beast, Dowan (fast, extremely poisoned) and 2 wights.

Vanquished Creatures
  A two-headed ogre (D:7)
  Joseph (D:7)
  Sigmund (D:2)
  A steam dragon (D:4)
  3 water moccasins
  Duvessa (D:7)
  2 necrophages (D:6)
  An ice beast (D:6)
  A black bear (D:6)
  A sky beast (D:7)
  2 ogres
  A phantom (D:7)
  2 elf zombies (Ossuary)
  A bullfrog (D:6)
  3 scorpions
  4 wights (D:4)
  5 centaur zombies (Ossuary)
  2 jellies
  6 hounds
  A human zombie (Ossuary)
  2 bullfrog skeletons
  7 iguanas
  A hound skeleton (D:5)
  3 mummies
  4 gnolls (D:3)
  5 adders
  A white imp (D:6)
  An adder zombie (Ossuary)
  3 worms
  3 orcs
  7 ball pythons
  3 endoplasms
  3 giant cockroaches
  16 goblins
  8 hobgoblins
  3 quokkas (D:2)
  A bat (D:2)
  9 hobgoblin zombies
  A jackal zombie (Ossuary)
  2 kobolds
  11 kobold zombies (Ossuary)
  7 orc zombies
  6 rats
  2 rat zombies (Ossuary)
149 creatures vanquished.

Notes
Turn   | Place    | Note
-------+----------+-------------------------------------------
     0 | D:1      | pkoi the Demigod Earth Elementalist began the quest for the
                  | Orb.
     0 | D:1      | Reached XP level 1. HP: 14/14 MP: 5/5
   957 | D:1      | Reached XP level 2. HP: 13/20 MP: 7/7
  1741 | D:1      | Learned a level 2 spell: Passwall
  1754 | D:2      | Reached skill level 1 in Transmutations
  2329 | D:2      | Noticed Sigmund
  2335 | D:2      | Killed Sigmund
  2336 | D:2      | Reached XP level 3. HP: 26/26 MP: 2/10
  2336 | D:2      | Reached XP level 4. HP: 33/33 MP: 2/11
  2336 | D:2      | Reached XP level 5. HP: 38/38 MP: 2/12
  2450 | D:2      | Learned a level 3 spell: Stone Arrow
  3609 | D:3      | Learned a level 4 spell: Petrify
  5524 | D:4      | Reached skill level 1 in Conjurations
  5524 | D:4      | Reached XP level 6. HP: 32/46 MP: 8/13
  5875 | D:4      | Reached skill level 1 in Fighting
  5875 | D:4      | Reached skill level 1 in Short Blades
  6531 | D:4      | Noticed a steam dragon
  6537 | D:4      | Killed a steam dragon
  6652 | D:4      | Reached XP level 7. HP: 53/53 MP: 9/14
  6732 | D:4      | Reached skill level 5 in Earth Magic
  7125 | D:5      | Entered Level 5 of the Dungeon
  8325 | D:5      | Found a staircase to the Ecumenical Temple.
  8596 | D:6      | Reached XP level 8. HP: 62/62 MP: 11/15
  8619 | D:6      | Found a sand-covered staircase.
  8624 | Ossuary  | Entered an ossuary
 10792 | D:6      | Reached skill level 5 in Stealth
 11369 | D:7      | Reached XP level 9. HP: 43/71 MP: 16/16
 12087 | D:7      | Noticed a two-headed ogre
 12116 | D:7      | Killed a two-headed ogre
 12857 | D:7      | Noticed Joseph
 12870 | D:7      | Killed Joseph
 12871 | D:7      | Reached skill level 5 in Fighting
 12871 | D:7      | Reached skill level 5 in Short Blades
 12871 | D:7      | Reached skill level 5 in Conjurations
 13133 | D:7      | Noticed Duvessa
 13134 | D:7      | Noticed Dowan
 13145 | D:7      | Killed Duvessa
 13150 | D:7      | Slain by a wight

Illustrated notes

Levels and vault maps discovered:
D:1:      erik_arrival_triangle_medium, layout_loops_ring, serial_glass,
          glass_columns_b, glass_columns_b, glass_columns_a, glass_columns_c,
          glass_columns_c, glass_columns_b, glass_columns_c, glass_columns_c
D:2:      layout_loops_corners, uniq_sigmund
D:3:      cheibrodos_greedy_goblins, layout_loops_ring, lemuel_round_altar,
          gammafunk_temple_overflow_statue, grunt_decor_cap
D:4:      layout_basic
D:5:      layout_basic, minmay_temple_entry_nine_rooms
D:6:      layout_basic, nicolae_ossuary_entry_giza
D:7:      layout_loops_corners, uniq_crazy_yiuf_cottage, uniq_joseph,
          uniq_duvessa

Skill      XL: |  1  2  3  4  5  6  7  8  9 |
---------------+----------------------------+-----
Earth Magic    | 3 4 5 6 |  6.9
Transmutations | 2 3 |  3.0
Spellcasting   | 2 3 |  3.0
Stealth        | 2 4 5 6 |  6.0
Conjurations   | 1 3 4 5 |  5.1
Fighting       | 1 2 4 5 |  5.1
Short Blades   | 1 2 4 5 |  5.0
Dodging        | |  1.7

Action                   |  1- 3 |  4- 6 |  7- 9 || total
-------------------------+-------+-------+-------++-------
Melee: Dagger            |    58 |   178 |   395 ||   631
       Punch             |       |     2 |    11 ||    13
 Cast: Sandblast         |    21 |    62 |    36 ||   119
       Petrify           |       |       |     4 ||     4
  Use: Scroll            |     1 |     4 |     7 ||    12
       Potion            |       |     1 |       ||     1
 Stab: Sleeping          |     2 |     4 |    12 ||    18
       Distracted        |       |       |     1 ||     1
       Petrified         |       |       |     3 ||     3
       Petrifying        |       |       |     1 ||     1
Armor: Robe              |    12 |    51 |       ||    63
       Steam dragon scal |       |       |   126 ||   126
Dodge: Dodged            |    41 |   141 |   219 ||   401
